 Dungeon Crawl Stone Soup version 0.32-a0-42-ga30500b4d3 (webtiles) character file.

Game seed: 13915972657893904180

3 ytrimaz the Shield-Bearer (level 1, 0/18 HPs)
             Began as a Formicid Fighter on Feb 1, 2024.
             Slain by a hobgoblin (2 damage)
             ... on level 1 of the Dungeon.
             The game lasted 00:00:13 (38 turns).

ytrimaz the Shield-Bearer (Formicid Fighter)          Turns: 38, Time: 00:00:13

Health: 0/18       AC:  6    Str: 20    XL:     1   Next: 55%
Magic:  1/1        EV:  9    Int:  7    God:
Gold:   0          SH:  5    Dex: 13    Spells: 0/0 levels left

rFire   . . .        a - +0 flail
rCold   . . .        c - +0 buckler
rNeg    . . .        b - +0 scale mail
rPois   .            (helmet unavailable)
rElec   .            (no cloak)
rCorr   .            (no gloves)
SInv    +            (no boots)
Will    .....        (no amulet) Stlth
                     (no ring)
HPRegen 0.23/turn    (no ring)
MPRegen 0.07/turn

%: no passive effects
@: no status effects
A: permanent stasis, dig shafts and tunnels, antennae 3, four strong arms
a: Dig, Shaft Self


You were on level 1 of the Dungeon.
You visited 1 branch of the dungeon, and saw 1 of its levels.


Innate Abilities, Weirdness & Mutations

You cannot be hasted, slowed, berserked, paralysed or teleported.
You can dig through walls and to a lower floor.
You have a pair of large antennae on your head. (SInv)
Your four strong arms can wield two-handed weapons with a shield.


   Skills:
 + Level 3.3 Fighting
 + Level 2.1 Maces & Flails
 + Level 3.3 Armour
 + Level 4.1 Shields


You couldn't memorise any spells.
You didn't know any spells.
Your spell library was empty.

Inventory:

Hand Weapons
 a - a +0 flail (weapon)
Armour
 b - a +0 scale mail (worn)
 c - a +0 buckler (worn)
Potions
 d - a potion of might
 e - a potion of lignification {unknown}

Dungeon Overview and Level Annotations

Branches:
Dungeon (1/15) Zot: 5957

Altars:

......... #..........#
####..........#
...#........## .........
#..........?# ##≈≈≈≈≈≈≈##
#.....>.....# ≈≈≈≈≈≈≈≈≈≈#
#...(.......# ≈≈≈≈≈≈≈≈≈≈#
#....g....$.# ≈≈≈...~≈≈≈#
#...@....$..#
≈≈...≈≈~≈≈###..........##
≈≈.......≈##...#......##
≈≈≈..<....#...#########
≈≈..........#..#
##...().....##.#
#######....# .# ###.####
.# #...# .#


You could see a hobgoblin.


Message History

🤖 Initializing magus.rc ...
Options error: Delay interrupt name "hungry" not recognised. (ytrimaz.rc:4375) Bad monster_list_colour key: strict_neutral Options error: Unknown color in colour mapping: 'purle:scroll.*immolation' Bad channel name 'pray' for runrest: 'pray:' Options error: Missing colour in message_colour setting: 'that.*feels deathly cold' Options error: Missing colour in message_colour setting: 'and you must be Full or above to equip it' Options error: Missing colour in message_colour setting: 'but rights himself reflexively soon after' Options error: Missing colour in message_colour setting: 'before it is too late' ✅ Successfully initialized magus.rc [v1.9.6] Welcome, ytrimaz the Formicid Fighter.
The magnificent Orb of Zot lies far below, as if waiting for you to find it.
Press ? for a list of commands and other information.
Found 2 stones and a mace.
Found a staircase leading out of the dungeon.
e - a murky puce potion
Found a stone staircase leading down.
An endoplasm comes into view.
The endoplasm quivers.
An endoplasm is nearby!
An endoplasm is nearby!
A hobgoblin comes into view.
The hobgoblin shouts!
A hobgoblin comes into view.
A rat comes into view.
The rat squeaks loudly.
The endoplasm barely misses you.
You sock the endoplasm!
You kill the endoplasm!
You closely miss the hobgoblin. The hobgoblin barely misses you.
You closely miss the hobgoblin.
The hobgoblin hits you but does no damage.
You block the rat's attack. The hobgoblin barely misses you.
You block the rat's attack. The hobgoblin hits you. x2 😕 HP[-4]
You take 4 damage, and now have 14/18 hp.
MASSIVE DAMAGE!! (PAUSE)
You barely miss the hobgoblin. The hobgoblin closely misses you.
The rat bites you.
The hobgoblin completely misses you. 😮 HP[-2]
You take 2 damage, and now have 12/18 hp.
You barely miss the hobgoblin. The hobgoblin hits you.
* * * LOW HITPOINT WARNING * * *
The rat completely misses you.
The hobgoblin hits you but does no damage. 😨 HP[-3]
You take 3 damage, and now have 9/18 hp.
You are too injured to fight recklessly!
You hit the hobgoblin. The hobgoblin barely misses you.
The rat barely misses you. The hobgoblin hits you.
* * * LOW HITPOINT WARNING * * *
The rat bites you but does no damage. The hobgoblin closely misses you.
The hobgoblin hits you.
* * * LOW HITPOINT WARNING * * *
Unknown command. 😱 HP[-6]
You take 6 damage, and now have 3/18 hp.
MASSIVE DAMAGE!! (PAUSE)
You are too injured to fight recklessly!
You sock the hobgoblin!
You kill the hobgoblin!
The hobgoblin completely misses you. You block the rat's attack.
The rat bites you but does no damage.
You are too injured to fight recklessly!
The rat bites you but does no damage.
Unknown command. 😱 HP[+1]
You are too injured to fight recklessly!
You barely miss the rat. The hobgoblin barely misses you. The rat bites you.
* * * LOW HITPOINT WARNING * * *
😱 HP[-2]
You take 2 damage, and now have 2/18 hp.
You closely miss the rat. The hobgoblin hits you.
* * * LOW HITPOINT WARNING * * *
The rat bites you but does no damage. 😱 HP[-1]
You take 1 damage, and now have 1/18 hp.
Unknown command.
You sock the rat!
You kill the rat!
You block the hobgoblin's attack.
The hobgoblin hits you but does no damage. 😱 HP[+1]
The hobgoblin closely misses you.
Unknown command.
The hobgoblin hits you but does no damage.
You hit the hobgoblin but do no damage. The hobgoblin hits you.
You die...

Action                     || total
---------------------------++-------
  Melee: Flail             ||    11
 Armour: Scale mail        ||    17
  Dodge: Dodged            ||    12
  Block: Buckler           ||     4

Levels and vault maps discovered:
D:1:      dpeg_arrival_pond, layout_rooms

Notes
Turn   | Place    | Note
-------+----------+-------------------------------------------
     0 | D:1      | ytrimaz the Formicid Fighter began the quest for the Orb.
     0 | D:1      | Reached XP level 1. HP: 18/18 MP: 1/1
     0 | D:1      | magus.rc [v1.9.6]
    28 | D:1      | HP: 3/18 [hobgoblin (4)]
    33 | D:1      | HP: 2/18 [rat (2)]
    38 | D:1      | Slain by a hobgoblin

Vanquished Creatures
  An endoplasm (D:1)
  A hobgoblin (D:1)
  A rat (D:1)
3 creatures vanquished.

Table legend:
 A = Non-vault XP
 B = Vault XP
 C = Vault XP percentage of total XP
 D = Non-vault monster count
 E = Vault monster count
 F = Vault count percentage of total count
                 A         B        C        D         E       F
            +---------+---------+-------+---------+---------+-------
      Total |       5 |       0 |   0.0 |       3 |       0 |   0.0
            +---------+---------+-------+---------+---------+-------
        D:1 |       5 |       0 |   0.0 |       3 |       0 |   0.0
            +---------+---------+-------+---------+---------+-------

Action                     || total
---------------------------++-------
  Melee: Flail             ||    11
 Armour: Scale mail        ||    17
  Dodge: Dodged            ||    12
  Block: Buckler           ||     4

Illustrated notes

Table legend:
 A = Kills in this place as a percentage of kills in the entire game.
 B = Kills by you in this place as a percentage of kills by you in the entire game.
 C = Kills by friends in this place as a percentage of kills by friends in the entire game.
 D = Other kills in this place as a percentage of other kills in the entire game.
 E = Experience gained in this place as a percentage of experience gained in the entire game.
 F = Experience gained in this place divided by the number of levels of this place that you have seen.
                   A       B       C       D       E      F
               +-------+-------+-------+-------+-------+----------------------
         Total | 100.0 | 100.0 |   N/A |   N/A | 100.0 |   5.0
       Dungeon | 100.0 | 100.0 |   N/A |   N/A | 100.0 |   5.0
               +-------+-------+-------+-------+-------+----------------------

Table legend: (Time is in decaauts)
 A = Elapsed time spent in this place.
 B = Non-inter-level travel time spent in this place.
 C = Inter-level travel time spent in this place.
 D = Time resting spent in this place.
 E = Time spent auto-exploring this place.
 F = Levels seen in this place.
 G = Mean time per level.
                   A        B        C        D        E       F      G
               +--------+--------+--------+--------+--------+-----+--------+
         Total |     41 |     41 |      0 |      0 |     16 |   1 |   41.0 |
       Dungeon |     41 |     41 |      0 |      0 |     16 |   1 |   41.0 |
               +--------+--------+--------+--------+--------+-----+--------+

Top non-repeatable levels by time:
     D:1: 41 daAuts
